Map: [ESL] Moondance

Players

Rattata (Vanya)

  • Race: Zerg Zerg
  • League: Master
  • Spawn Location: 12:00

HeroMarine - Winner!

  • Race: Terran Terran
  • Spawn Location: 6:00

VOD

Have the link to the VOD?

Description

Time

  • Played on: Oct. 21, 2022, 12:41 p.m.
  • Length: 10:59
Show
View Real Time Build Order
Export as new Build Order

Rattata Zerg 

Build Orders: Hatch First 

Get SALT Encoding   

  12  0:00  Drone  
  13  0:12  Overlord  
  13  0:16  Drone  
  14  0:30  Drone x2  
  16  0:47  Hatchery  
  15  0:50  Drone  
  15  0:54  Drone  
  17  0:57  Drone  
  18  1:08  Extractor  
  17  1:12  Spawning Pool  
  17  1:16  Drone  
  17  1:19  Drone  
  18  1:28  Drone  
  19  1:38  Drone  
  20  1:49  Drone  
  21  1:59  Queen x2  
  21  2:00  Zergling x4  
  27  2:10  Overlord  
  27  2:12  Drone  
  27  2:13  Metabolic Boost  
  28  2:30  Drone  
  28  2:31  Drone, Hatchery  
  28  2:33  Drone  
  29  2:37  Drone  
  29  2:43  Queen  
  32  2:47  Overlord  
  32  2:50  Drone  
  33  2:53  Drone  
  33  2:55  Drone  
  35  3:05  Queen, Overlord  
  35  3:08  Drone  
  35  3:10  Drone  
  35  3:12  Drone  
  40  3:13  Drone  
  40  3:19  Queen  
  43  3:27  Drone x2  
  43  3:29  Zergling x2  
  43  3:31  Zergling x2  
  47  3:35  Drone  
  47  3:39  Zergling x2  
  49  3:43  Queen  
  51  3:50  Drone x6  
  57  3:58  Overlord  
  57  4:12  Overlord  
  57  4:16  Queen  
  59  4:18  Drone x7  
  59  4:21  Queen  
  64  4:25  Lair  
  64  4:26  Drone  
  64  4:29  Baneling Nest  
  64  4:32  Zergling x10  
  64  4:34  Overlord  
  69  4:40  Drone x4  
  69  4:42  Spore Crawler  
  69  4:44  Spore Crawler  
  71  4:48  Spore Crawler  
  69  4:56  Overlord  
  69  4:58  Drone x9  
  76  5:04  Overlord  
  76  5:05  Zergling x6  
  76  5:07  Queen  
  74  5:17  Zergling x6  
  69  5:25  Overseer  
  65  5:29  Queen x2  
  65  5:32  Zergling x12  
  73  5:36  Drone  
  73  5:39  Drone  
  75  5:45  Extractor x2  
  75  5:48  Drone x3  
  73  5:50  Queen  
  73  5:52  Drone  
  73  5:54  Evolution Chamber  
  73  5:55  Drone, Evolution Chamber  
  73  5:56  Drone x2  
  77  6:03  Drone x3  
  79  6:12  Drone x2  
  79  6:16  Drone  
  79  6:18  Centrifugal Hooks  
  82  6:20  Zerg Ground Armor Level 1  
  82  6:21  Extractor x2  
  82  6:22  Overlord  
  82  6:23  Drone x5  
  85  6:30  Hatchery  
  85  6:31  Zerg Melee Weapons Level 1  
  84  6:34  Overlord  
  84  6:37  Drone x2  
  85  6:48  Zergling x14  
  88  7:00  Zergling x12  
  92  7:11  Drone  
  92  7:12  Baneling x11  
  92  7:13  Hydralisk Den, Overlord  
  92  7:14  Zergling x10  
  97  7:21  Drone x5  
  102  7:26  Overlord  
  102  7:31  Overlord  
  102  7:32  Overlord  
  102  7:37  Drone  
  102  7:41  Baneling x4  
  102  7:42  Queen  
  105  7:45  Drone x6  
  105  7:48  Muscular Augments, Overlord  
  111  7:55  Spore Crawler, Overlord  
  111  7:57  Drone, Hatchery  
  111  7:58  Drone x2  
  112  8:01  Overlord  
  112  8:02  Zergling x4  
  114  8:09  Hydralisk  
  114  8:10  Hydralisk x6  
  128  8:13  Baneling x3  
  128  8:16  Zergling x8  
  118  8:28  Zergling x2  
  118  8:29  Zergling x12  
  118  8:31  Hydralisk  
  118  8:37  Hydralisk x7  
  132  8:42  Extractor  
  132  8:43  Zergling x12  
  132  8:47  Zergling x4  
  132  8:48  Zergling x2  
  130  8:55  Zergling x2  
  130  8:56  Zergling x6  
  130  8:58  Baneling x8  
  130  8:59  Grooved Spines  
  134  9:07  Zergling x2  
  134  9:08  Zergling x12  
  141  9:13  Zergling x10  
  141  9:19  Zergling x8  
  141  9:22  Baneling  
  141  9:23  Baneling x6  
  140  9:25  Zergling x2  
  140  9:27  Queen  
  141  9:32  Zergling x8  
  141  9:37  Overlord  
  143  9:40  Zergling x16  
  143  9:43  Zergling x6  
  152  9:47  Overseer  
  152  9:48  Overseer  
  152  9:49  Hydralisk x3  
  158  9:57  Overlord  
  158  9:59  Drone x4  
  153  10:03  Zergling x2  
  151  10:13  Drone x6  
  157  10:17  Infestation Pit  
  157  10:18  Zergling x14  
  159  10:24  Overlord  
  159  10:25  Zergling x2  
  158  10:31  Hatchery  
  158  10:34  Zergling x12  
  155  10:37  Zergling x8  
  155  10:38  Hatchery  
Show
View Real Time Build Order
Export as new Build Order

HeroMarine Terran - Winner!

Build Orders: Reaper Expand, Hellion Banshee 

Get SALT Encoding   

  12  0:00  SCV  
  13  0:12  SCV  
  14  0:16  Supply Depot  
  14  0:24  SCV  
  15  0:38  SCV  
  15  0:39  Barracks  
  15  0:42  Refinery  
  16  0:50  SCV  
  17  1:02  SCV  
  18  1:14  SCV  
  19  1:26  Reaper, Orbital Command  
  20  1:39  Command Center  
  20  1:47  Supply Depot  
  20  1:52  SCV  
  21  1:58  Marine  
  22  2:04  SCV  
  22  2:08  Factory  
  23  2:13  Refinery  
  23  2:16  SCV  
  23  2:19  Barracks Reactor  
  24  2:28  SCV  
  25  2:40  SCV  
  26  2:50  Orbital Command  
  26  2:52  Starport  
  26  2:53  SCV  
  27  2:59  Hellion  
  27  3:00  Hellion  
  27  3:03  Barracks Tech Lab  
  27  3:05  SCV  
  32  3:17  SCV x2  
  34  3:21  Hellion x2  
  38  3:28  Supply Depot  
  38  3:29  SCV x2  
  40  3:35  Banshee, Cloaking Field  
  40  3:41  SCV x2  
  45  3:50  Hellion x2  
  45  3:53  Supply Depot, SCV x2  
  51  4:01  Marine  
  52  4:05  SCV x2  
  54  4:15  Hellion x2  
  58  4:17  SCV  
  58  4:18  SCV  
  60  4:29  Supply Depot  
  60  4:31  SCV, Banshee  
  60  4:35  SCV  
  60  4:36  Command Center  
  60  4:38  Hellion  
  65  4:40  Hellion  
  65  4:42  Barracks Tech Lab  
  65  4:43  SCV  
  68  4:47  SCV  
  67  4:56  SCV  
  67  4:59  SCV, Hellion  
  69  5:01  Hellion  
  71  5:09  SCV  
  71  5:11  SCV  
  70  5:23  Hellion x2, Banshee, Marine  
  70  5:24  Stimpack  
  70  5:26  SCV x2  
  70  5:37  Barracks x2  
  70  5:38  SCV x2  
  70  5:42  Engineering Bay x2  
  72  5:43  Marine  
  72  5:44  Supply Depot, Refinery  
  72  5:45  Refinery  
  73  5:51  SCV x2  
  73  5:56  Orbital Command  
  75  5:59  Factory Reactor  
  75  6:03  SCV x2, Marine  
  78  6:08  Barracks  
  78  6:09  Barracks  
  78  6:11  Terran Infantry Armor Level 1, Terran Infantry Weapons Level 1  
  78  6:15  SCV x2  
  80  6:18  Starport Reactor  
  80  6:20  Siege Tank  
  80  6:21  Marine  
  80  6:24  SCV  
  85  6:27  Supply Depot, SCV x2  
  85  6:29  Barracks Reactor  
  84  6:33  Refinery  
  84  6:34  Supply Depot  
  84  6:36  SCV  
  84  6:39  SCV x2  
  87  6:40  Marine x3  
  90  6:48  SCV  
  93  6:58  Barracks Reactor x2, Medivac, Marine x2  
  93  6:59  Medivac, Siege Tank  
  101  7:02  Armory  
  101  7:03  SCV x3  
  101  7:05  Command Center  
  101  7:08  Barracks, Marine x3  
  104  7:09  Barracks  
  104  7:15  Supply Depot  
  104  7:16  Combat Shield, Marine x2  
  104  7:21  Supply Depot x2, SCV x2  
  104  7:22  SCV  
  109  7:25  Marine  
  109  7:26  Marine  
  109  7:27  Supply Depot, Marine  
  112  7:33  Medivac x2, Marine  
  112  7:37  Siege Tank, Marine  
  117  7:39  Marine x2  
  117  7:42  Marine  
  117  7:43  Marine x3  
  127  7:44  Marine  
  128  7:51  Marine  
  128  7:54  Marine  
  128  7:56  Factory  
  128  7:57  Barracks Reactor, Marine x2  
  132  7:58  Barracks Reactor  
  132  7:59  Barracks Tech Lab x2  
  132  8:00  Marine x2  
  132  8:01  Marine x2  
  132  8:03  Marine  
  137  8:05  Terran Infantry Armor Level 2  
  137  8:08  Terran Infantry Weapons Level 2  
  137  8:09  Marine  
  137  8:12  Marine  
  138  8:14  Marine  
  138  8:16  Marine  
  138  8:18  Marine x2  
  143  8:20  SCV x2  
  143  8:23  SCV, Marine x2  
  143  8:25  Marine x2  
  138  8:28  Marine x2  
  138  8:30  Marine  
  138  8:31  Medivac, Siege Tank  
  138  8:32  Medivac, Marine  
  131  8:34  Marine  
  131  8:36  Marine x2  
  134  8:48  Terran Vehicle Weapons Level 1  
  134  8:49  Factory Tech Lab  
  134  8:50  Marauder  
  134  8:52  Marauder  
  134  8:53  Marine x2  
  135  8:56  Marauder  
  135  8:57  Marine x2  
  135  9:01  SCV x3  
  137  9:03  Refinery, Siege Tank, Planetary Fortress  
  137  9:04  Refinery  
  136  9:19  Marine x2  
  136  9:21  Marauder  
  136  9:22  Marauder x2  
  136  9:23  Marine x2  
  136  9:24  Marine x3  
  146  9:28  Marine  
  144  9:36  Command Center  
  144  9:37  Marine x2  
  145  9:43  Marauder x2  
  145  9:44  Marauder  
  145  9:45  Marine x2  
  147  9:47  Marine x2  
  147  9:48  Siege Tank x2  
  147  9:49  Marine x2  
  147  9:51  Medivac x2  
  162  9:55  Marine  
  162  9:59  Marine  
  163  10:03  Marine x2  
  163  10:04  Marine  
  164  10:07  Supply Depot x2  
  164  10:08  Concussive Shells  
  164  10:09  Supply Depot, Marine x2  
  164  10:10  Marauder x3  
  172  10:28  Medivac, Marine x3  
  172  10:31  Marauder x3  
  172  10:33  Marine x2  
  186  10:35  Marine x2  
  186  10:38  Marine  
  186  10:40  Ghost Academy, Command Center  
  189  10:45  Barracks  
Tags
 
Add a new tag
Caveats
  • Supply blocks, unpowered buildings, or Contaminate may cause inaccurate times.
  • Supply counts are checked every 10 seconds.